 Dungeon Crawl Stone Soup version 0.28.0-45-g0d030f2227 (webtiles) character file.

Game seed: 16826318594531096690

5 NinjaNoafa the Chiller (level 1, 0/15 HPs)
             Began as a Draconian Ice Elementalist on Apr 7, 2022.
             Slain by a jackal (2 damage)
             ... on level 1 of the Dungeon.
             The game lasted 00:00:42 (175 turns).

NinjaNoafa the Chiller (Draconian Ice Elementalist)  Turns: 175, Time: 00:00:43

Health: 0/15       AC:  4    Str: 10    XL:     1   Next: 66%
Magic:  0/3        EV: 12    Int: 15    God:
Gold:   14         SH:  0    Dex: 11    Spells: 3/4 levels left

rFire   . . .      SeeInvis .   (no weapon)
rCold   . . .      Faith    .   (no shield)
rNeg    . . .      Spirit   .   (armour unavailable)
rPois   .          Reflect  .   (helmet restricted)
rElec   .          Harm     .   (no cloak)
rCorr   .          Rampage  .   (no gloves)
Will    .....                   (no boots)
Stlth   ++........              (no amulet)
HPRegen 0.05/turn               (no ring)
MPRegen 0.08/turn               (no ring)

@: no status effects
A: AC +4, unfitting armour, cold-blooded
a: no special abilities


You were on level 1 of the Dungeon.
You visited 1 branch of the dungeon, and saw 1 of its levels.

You collected 14 gold pieces.

Inventory:

Missiles
 a - 4 stones
Scrolls
 c - a scroll of amnesia {unknown}
Potions
 b - a potion of degeneration {unknown}


   Skills:
 + Level 0.3 Fighting
 + Level 1.9 Dodging
 + Level 1.9 Stealth
 + Level 2.0 Spellcasting
 + Level 4.0 Ice Magic


You had 3 spell levels left.
You knew the following spells:

 Your Spells              Type           Power      Damage    Failure   Level
a - Freeze                Ice            52%        1d7       4%          1

Your spell library contained the following spells:

 Spells                   Type           Power      Damage    Failure   Level
 Frozen Ramparts          Ice            26%        1d4       12%         3
 Ozocubu's Armour         Ice            13%        N/A       12%         3
 Hailstorm                Conj/Ice       7%         3d4       67%         4


Dungeon Overview and Level Annotations

Branches:
Dungeon (1/15)

Altars:


Innate Abilities, Weirdness & Mutations

Your plain brown scales are hard. (AC +4)
You cannot fit into any form of body armour.
You are cold-blooded and may be slowed by cold attacks.


Message History

A jackal comes into view.
The kobold shouts!
The jackal barks!
A jackal comes into view.
The jackal bites you.
A frilled lizard comes into view.
Casting: Freeze (safe; 4% risk of failure)
Confirm with . or Enter, or press ? or * to list all spells.
Aiming: Freeze (safe; 4% risk of failure)
Press: ? - help, Shift-Dir - straight line, f - kobold
Aim: a kobold, wielding a +0 dagger You freeze the kobold.
The kobold is heavily wounded.
The jackal barks!
The jackal barely misses you.
The jackal bites you but does no damage.
The kobold hits you with a +0 dagger.
You hit the kobold.
You kill the kobold!
The jackal bites you. The hobgoblin closely misses you.
You hit the hobgoblin.
The hobgoblin is lightly wounded.
The jackal bites you. The hobgoblin hits you. The jackal barely misses you.
The jackal bites you.
You see here a +0 dagger.
The jackal closely misses you.
Found an emerald potion.
Casting: Freeze (safe; 4% risk of failure)
Confirm with . or Enter, or press ? or * to list all spells.
Aiming: Freeze (safe; 4% risk of failure)
Press: ? - help, Shift-Dir - straight line, f - jackal
Aim: a jackal You freeze the jackal.
The jackal is almost dead.
The jackal bites you.
* * * LOW HITPOINT WARNING * * *
The jackal barely misses you.
A giant cockroach comes into view.
The jackal barely misses you. The jackal barely misses you.
The jackal bites you.
You die...

### ### #####.###### ...
... [....... #!#
##.###..##### #.#
#.......#####
.#####@####..###.......
#....B.hh.....†.....####
#.......................
........................
##.#####g#.....##.......
.......#.#.##..##....###
........r..##...........
......#.####..###......
......#.####..###...###


You could see 2 jackals, a giant cockroach, a hobgoblin and a rat.

Vanquished Creatures
  A hobgoblin (D:1)
  2 frilled lizards (D:1)
  3 kobolds (D:1)
6 creatures vanquished.

Notes
Turn   | Place    | Note
-------+----------+-------------------------------------------
     0 | D:1      | NinjaNoafa the Draconian Ice Elementalist began the quest
                  | for the Orb.
     0 | D:1      | Reached XP level 1. HP: 14/14 MP: 3/3
   175 | D:1      | Slain by a jackal

Illustrated notes

Levels and vault maps discovered:
D:1:      eino_arrival_druids_welcome, layout_basic, minmay_misc_feat_tiny

Action                   || total
-------------------------++-------
Melee: Unarmed           ||    10
 Cast: Freeze            ||     7
Armor: Skin              ||     4
Dodge: Dodged            ||    16
